 Dungeon Crawl Stone Soup version 0.30-a0-305-g026cb31310 (webtiles) character file.

Game seed: 17430933097776864999

1271 Morbidden the Conjurer (level 8, -9/57 HPs)
             Began as a Demonspawn Conjurer on Oct 21, 2022.
             Was an Initiate of Cheibriados.
             Killed from afar by a steam dragon (16 damage)
             ... with a ball of steam
             ... on level 6 of the Dungeon.
             The game lasted 00:07:34 (6608 turns).

Morbidden the Conjurer (Demonspawn Conjurer)        Turns: 6608, Time: 00:07:35

Health: -9/57      AC:  3    Str: 10    XL:     8   Next: 28%
Magic:  0/15       EV: 17    Int: 24    God:    Cheibriados [......]
Gold:   326        SH:  0    Dex: 18    Spells: 9/16 levels left

rFire   . . .      SeeInvis .    a - +2 dagger (venom)
rCold   . . .      Faith    .    (no shield)
rNeg    . . .      Spirit   +    g - +0 robe
rPois   .          Reflect  .    (helmet restricted)
rElec   .          Harm     .    u - +0 cloak
rCorr   .          Rampage  .    (no gloves)
Will    .....                    (no boots)
Stlth   ++........               (no amulet)
HPRegen 0.29/turn                f - +6 ring of dexterity
MPRegen 0.28/turn                B - +4 ring of evasion

@: very slow
A: horns 1, icemail 1, magic shield, magic regeneration, big brain 1,
condensation shield, MP-powered wands
a: Renounce Religion


You were on level 6 of the Dungeon.
You worshipped Cheibriados.
Cheibriados was noncommittal.
You visited 2 branches of the dungeon, and saw 7 of its levels.

You collected 326 gold pieces.

Inventory:

Hand Weapons
 a - a +2 dagger of venom (weapon)
 x - a +2 scimitar of holy wrath
Armour
 g - a +0 robe (worn)
 s - a +0 tower shield
 u - a +0 cloak (worn)
Jewellery
 f - a +6 ring of dexterity (left hand)
 h - a ring of ice
 B - a +4 ring of evasion (right hand)
Wands
 t - a wand of flame (7)
Scrolls
 d - 5 scrolls of identify
 k - a scroll of silence {unknown}
 l - a scroll of brand weapon {unknown}
 m - 2 scrolls of teleportation {unknown}
 o - a scroll of torment {unknown}
 y - a scroll of noise {unknown}
 z - 2 scrolls of amnesia {unknown}
Potions
 b - a potion of magic
 e - a potion of might {unknown}
 i - 2 potions of resistance
 j - 2 potions of attraction {unknown}
 n - 2 potions of ambrosia {unknown}
 p - a potion of mutation
 q - a potion of curing
 r - a potion of haste {unknown}
 v - a potion of flight {unknown}
 A - 2 potions of lignification {unknown}


   Skills:
 * Level 2.5 Fighting
 * Level 2.0(2.1) Short Blades
 * Level 1.0(1.6) Long Blades
 * Level 2.6 Armour
 * Level 3.0 Dodging
 + Level 2.5 Stealth
 * Level 2.0 Shields
 * Level 4.7 Spellcasting
 * Level 6.6 Conjurations
 * Level 1.0 Translocations
 * Level 1.1 Invocations


You had 9 spell levels left.
You knew the following spells:

 Your Spells              Type           Power      Damage    Failure   Level
a - Magic Dart            Conj           100%       1d8       1%          1
b - Searing Ray           Conj           74%        2d7       1%          2
z - Iskenderun's Mystic   Conj/Tloc      24%        2d7       19%         4

Your spell library contained the following spells:

 Spells                   Type           Power      Damage    Failure   Level
 Dazzling Flash           Conj/Hex       42%        N/A       7%          3
 Beastly Appendage        Tmut           10%        N/A       9%          1
 Slow                     Hex            20%        N/A       9%          1
 Wereblood                Tmut           5%         N/A       14%         2
 Fulminant Prism          Conj/Hex       10%        3d9       22%         4
 Confusing Touch          Hex            5%         N/A       26%         3
 Spider Form              Tmut/Pois      5%         N/A       26%         3
 Vampiric Draining        Necr           5%         2d6       26%         3


Dungeon Overview and Level Annotations

Branches:
Dungeon (6/15)             Temple (1/1) D:4

Altars:
Cheibriados
Fedhas
Kikubaaqudgha
Makhleb
Nemelex Xobeh
Okawaru
Trog
Uskayaw
Wu Jian
Xom
Yredelemnul


Innate Abilities, Weirdness & Mutations

You have a pair of small horns on your head.
A meltable icy envelope protects you from harm. (AC +0)
When hurt, damage is shared between your health and your magic reserves.
You regenerate magic rapidly.
You have an unusually large brain. (Int +2)
A meltable shield of frost defends you. (SH +0)
You expend magic power (3 MP) to strengthen your wands.


Message History

You are engulfed in a cloud of scalding steam.
The hound closely misses you.
You hit the hound.
The hound is almost dead.
You kill the hound!
Cheibriados thoroughly appreciates the change of pace.
Found a sharpened bronze wand.
The steam dragon barely misses you. The steam dragon completely misses you.
Unknown command.
You hit the steam dragon.
The steam dragon is poisoned.
The steam dragon is lightly wounded.
The steam dragon breathes steam at you. The ball of steam hits you!!
You are too injured to fight recklessly!
Unknown command.
You hit the steam dragon.
The steam dragon looks even sicker.
The steam dragon is lightly wounded.
You are engulfed in a cloud of scalding steam.
* * * LOW HITPOINT WARNING * * *
The steam dragon misses you. The steam dragon claws you.
* * * LOW HITPOINT WARNING * * *
Unknown command.
Unknown command.
It was a potion of curing.
You feel better.
You are engulfed in a cloud of scalding steam.
* * * LOW HITPOINT WARNING * * *
The steam dragon barely misses you. The steam dragon claws you.
* * * LOW HITPOINT WARNING * * *
Unknown command.
You feel better.
You are engulfed in a cloud of scalding steam.
* * * LOW HITPOINT WARNING * * *
The steam dragon closely misses you. The steam dragon completely misses you.
Unknown command.
Unknown command.
Unknown command.
Unknown command.
The steam dragon breathes steam at you. The ball of steam hits you!
You die...

#.## #.# .#.###.# #.#
###.##.# #.# .#...#.#
#.### #.##.#.# #...
#......###### #..
####.##.....# #.# .
#.##.##.#.###.# ...
..##.#.###...@###.....
##.......#.#.#§§D......
#.##.#...##.#.###..../
#.##.....##.#.# ...
#.####...#..... .
#...#......
.........!..
####.#.......#
..#........


You could see a steam dragon (very poisoned, catching breath).

Vanquished Creatures
  Duvessa (D:6)
  An ogre (D:4)
  3 phantoms (D:4)
  Blork the orc (D:5)
  A scorpion (D:5)
  A bullfrog (D:5)
  Dowan (D:6)
  A howler monkey (D:5)
  3 jellies (D:4)
  An orc priest (D:4)
  4 hounds
  4 iguanas
  3 orc wizards (D:4)
  3 gnolls (D:4)
  6 adders
  A white imp (D:5)
  An ufetubus (D:5)
  3 dart slugs
  7 orcs
  5 ball pythons
  9 bats
  6 endoplasms
  3 goblins
  5 hobgoblins
  9 kobolds
  A quokka (D:1)
  2 frilled lizards (D:1)
  5 rats
91 creatures vanquished.

Vanquished Creatures (others)
  4 plants (D:4)
  A withered plant (D:4)
5 creatures vanquished.

Grand Total: 96 creatures vanquished

Notes
Turn   | Place    | Note
-------+----------+-------------------------------------------
     0 | D:1      | Morbidden the Demonspawn Conjurer began the quest for the
                  | Orb.
     0 | D:1      | Reached XP level 1. HP: 13/13 MP: 3/3
   209 | D:1      | Gained mutation: A meltable shield of frost defends you.
                  | (SH +0) [demonic ancestry]
   209 | D:1      | Reached XP level 2. HP: 19/19 MP: 0/5
  1096 | D:1      | Gained mutation: You have a pair of small horns on your
                  | head. [demonic ancestry]
  1096 | D:1      | Reached XP level 3. HP: 25/25 MP: 3/6
  1149 | D:1      | Learned a level 2 spell: Searing Ray
  1492 | D:2      | Reached skill level 1 in Armour
  2419 | D:3      | Found a shimmering altar of Xom.
  2887 | D:4      | Gained mutation: You regenerate magic rapidly. [demonic
                  | ancestry]
  2887 | D:4      | Reached XP level 4. HP: 20/31 MP: 7/7
  2990 | D:4      | Noticed an ogre
  3229 | D:4      | Noticed a phantom
  3244 | D:4      | Killed a phantom
  3245 | D:4      | Reached skill level 1 in Fighting
  3245 | D:4      | Reached skill level 5 in Conjurations
  3245 | D:4      | Gained mutation: A meltable icy envelope protects you from
                  | harm. (AC +0) [demonic ancestry]
  3245 | D:4      | Reached XP level 5. HP: 20/37 MP: 1/9
  3392 | D:4      | Reached XP level 6. HP: 43/43 MP: 5/10
  3654 | D:4      | Reached skill level 1 in Short Blades
  3654 | D:4      | Reached skill level 1 in Shields
  3837 | D:4      | Gained mutation: You have an unusually large brain. (Int
                  | +2) [demonic ancestry]
  3837 | D:4      | Reached XP level 7. HP: 49/49 MP: 8/12
  3899 | D:4      | Learned a level 4 spell: Iskenderun's Mystic Blast
  3953 | D:4      | Found an ancient bone altar of Kikubaaqudgha.
  3953 | D:4      | Found a blossoming altar of Fedhas.
  4373 | D:4      | Reached skill level 6 in Conjurations
  4453 | D:4      | Found a staircase to the Ecumenical Temple.
  4729 | Temple   | Entered the Ecumenical Temple
  4852 | D:5      | Entered Level 5 of the Dungeon
  5004 | D:5      | Noticed Blork the orc
  5009 | D:5      | Gained mutation: You expend magic power (3 MP) to
                  | strengthen your wands. [potion of mutation]
  5018 | D:5      | Killed Blork the orc
  5469 | D:5      | Gained mutation: When hurt, damage is shared between your
                  | health and your magic reserves. [demonic ancestry]
  5469 | D:5      | Reached XP level 8. HP: 54/57 MP: 9/14
  5765 | Temple   | Became a worshipper of Cheibriados the Contemplative
  6218 | D:6      | Noticed Dowan
  6219 | D:6      | Noticed Duvessa
  6358 | D:6      | Killed Dowan
  6359 | D:6      | Reached skill level 1 in Translocations
  6365 | D:6      | Killed Duvessa
  6366 | D:6      | Reached skill level 1 in Long Blades
  6366 | D:6      | Reached skill level 1 in Invocations
  6608 | D:6      | Killed from afar by a steam dragon

Illustrated notes

Levels and vault maps discovered:
D:1:      minmay_arrival_shoal_huts, layout_basic
D:2:      layout_loops_ring, dreamdust_wishing_well, corexii_hall_statues_l
D:3:      layout_loops_cross, lemuel_tele_altar
D:4:      minmay_recursive_quarters, layout_layer_cave,
          grunt_temple_overflow_growth_and_decay, temple_hall,
          palyth_stone_intersect, grunt_decor_mini_mirrors,
          minmay_fractal_squares_gapless_5
D:5:      layout_layer_cave, mainiacjoe_overflow_alcove_1, uniq_blork_the_orc
D:6:      layout_loops_cross, uniq_duvessa, uniq_crazy_yiuf_cottage
Temple:   nicolae_temple_ecumenical_triangle

Skill      XL: |  1  2  3  4  5  6  7  8 |
---------------+-------------------------+-----
Dodging        | 2 3 |  3.0
Armour         | 1 2 |  2.6
Fighting       | 1 2 |  2.5
Stealth        | 2 |  2.5
Conjurations   | 5 6 |  6.6
Spellcasting   | 3 4 |  4.7
Short Blades   | 1 2 |  2.0
Shields        | 1 2 |  2.0
Translocations | 1 |  1.0
Long Blades    | 1 |  1.0
Invocations    | 1 |  1.1

Action                   |  1- 3 |  4- 6 |  7- 9 || total
-------------------------+-------+-------+-------++-------
Melee: Dagger            |    21 |    12 |    29 ||    62
       Headbutt          |     5 |     2 |     4 ||    11
 Cast: Magic Dart        |    72 |    48 |    82 ||   202
       Searing Ray       |     1 |     5 |     7 ||    13
       Iskenderun's Myst |       |       |     2 ||     2
Evoke: Wand              |       |       |     1 ||     1
  Use: Potion            |       |       |     4 ||     4
       Scroll            |       |       |     3 ||     3
 Stab: Sleeping          |     1 |       |     1 ||     2
Armor: Robe              |     2 |     7 |    12 ||    21
Dodge: Dodged            |    13 |    14 |    37 ||    64
Block: Other             |     2 |     4 |     2 ||     8

Table legend: (Time is in decaauts)
 A = Elapsed time spent in this place.
 B = Non-inter-level travel time spent in this place.
 C = Inter-level travel time spent in this place.
 D = Time resting spent in this place.
 E = Time spent auto-exploring this place.
 F = Levels seen in this place.
 G = Mean time per level.
                   A        B        C        D        E       F      G
               +--------+--------+--------+--------+--------+-----+--------+
         Total |   6769 |   6226 |    543 |    412 |   5107 |   7 |  967.0 |
       Dungeon |   6697 |   6173 |    524 |    412 |   5076 |   6 | 1116.2 |
        Temple |     71 |     52 |     19 |      0 |     31 |   1 |   71.0 |
               +--------+--------+--------+--------+--------+-----+--------+

Top non-repeatable levels by time:
     D:4: 2069 daAuts
     D:5: 1375 daAuts
     D:1: 1169 daAuts
     D:3: 860 daAuts
     D:2: 850 daAuts
     D:6: 371 daAuts
  Temple: 71 daAuts
